 Dungeon Crawl Stone Soup version 0.29.1-2-gbd0b4ee654 (webtiles) character file.

Game seed: 2408058742721664549

638 Tiocfaidh the Magician (level 7, -2/57 HPs)
             Began as a Black Draconian Warper on Nov 13, 2022.
             Slain by a quasit (3 damage)
             ... on level 3 of the Dungeon on Nov 17, 2022.
             The game lasted 00:37:42 (12946 turns).

Tiocfaidh the Magician (Black Draconian Warper)    Turns: 12946, Time: 00:37:43

Health: -2/57      AC:  7    Str: 17    XL:     7   Next: 25%
Magic:  12/12      EV:  2    Int: 15    God:
Gold:   218        SH:  0    Dex: -13 (11)Spells: 7/13 levels left

rFire   . . .      SeeInvis .   d - +0 falchion (protect)
rCold   . . .      Faith    .   o - orb {mayhem}
rNeg    + . .      Spirit   .   (body armour unavailable)
rPois   .          Reflect  .   (helmet restricted)
rElec   +          Harm     .   (no cloak)
rCorr   .          Rampage  .   p - +0 pair of gloves
Will    .....                   (no boots)
Stlth   ..........              (no amulet)
HPRegen 0.19/turn               l - ring "Bostracu" {Wiz rN+ Str+4}
MPRegen 0.13/turn               m - +4 ring of evasion

@: mighty, on berserk cooldown, slowed, lost dexterity, very slow
A: breathe lightning, AC +6, unfitting armour, electricity resistance,
cold-blooded, horns 1, stinger 1, mutation resistance 1
a: Breathe Lightning


You were on level 3 of the Dungeon.
You visited 2 branches of the dungeon, and saw 6 of its levels.

You collected 218 gold pieces.

Inventory:

Hand Weapons
 d - a +0 falchion of protection (weapon)
 i - a +5 sling
Armour
 o - an orb of mayhem (worn)
 p - a +0 pair of gloves (worn)
Jewellery
 l - the ring "Bostracu" (left hand) {Wiz rN+ Str+4}
   (You found it on level 4 of the Dungeon)

   [ring of wizardry]

   It improves your spell success rate.
   Str:       It affects your strength (+4).
   rN:        It protects you from negative energy.
 m - a +4 ring of evasion (right hand)
 q - a +4 ring of evasion
Wands
 f - a wand of polymorph (5)
Scrolls
 c - 2 scrolls of identify
 g - a scroll of teleportation
Potions
 e - a potion of mutation
 j - 3 potions of lignification


   Skills:
 + Level 3.1 Fighting
 + Level 1.2 Long Blades
 - Level 2.6 Axes
 + Level 2.9 Ranged Weapons
 + Level 0.9 Throwing
 + Level 3.2 Dodging
 + Level 2.0 Stealth
 + Level 0.1 Unarmed Combat
 + Level 3.7 Spellcasting
 + Level 3.4 Translocations
 + Level 2.8 Ice Magic


You had 7 spell levels left.
You knew the following spells:

 Your Spells              Type           Power      Damage    Failure   Level
a - Freeze                Ice            44%        1d6       2%          1
b - Blink                 Tloc           26%        N/A       2%          2
c - Frozen Ramparts       Ice            22%        1d4       7%          3

Your spell library contained the following spells:

 Spells                   Type           Power      Damage    Failure   Level
 Gell's Gravitas          Tloc           13%        N/A       6%          3
 Lesser Beckoning         Tloc           13%        N/A       6%          3
 Teleport Other           Tloc           13%        N/A       6%          3
 Static Discharge         Conj/Air       2%         3-4/arc   12%         2
 Hailstorm                Conj/Ice       7%         3d4       38%         4
 Manifold Assault         Tloc           13%        N/A       43%         5
 Dispel Undead            Necr           2%         3d7       56%         4
 Sticky Flame             Conj/Fire      2%         2d3       56%         4


Dungeon Overview and Level Annotations

Branches:
Dungeon (5/15)             Temple (1/1) D:4

Altars:
Cheibriados
Dithmenos
Elyvilon
Hepliaklqana
Kikubaaqudgha
Makhleb
Okawaru
Qazlal
Ru
Sif Muna
Trog
Vehumet
Wu Jian
Yredelemnul
The Shining One

Annotations:
D:3 1 transporter


Innate Abilities, Weirdness & Mutations

You can breathe wild blasts of lightning.
Your glossy black scales are hard. (AC +6)
You cannot fit into any form of body armour.
You are resistant to electric shocks. (rElec)
You are cold-blooded and may be slowed by cold attacks.
You have a pair of small horns on your head.
Your tail ends in a venomous barb.
You are somewhat resistant to further mutation.


Message History

You miss the quasit.
Your tail-slap misses the quasit.
The quasit bites you.
* * * LOW HITPOINT WARNING * * *
You feel clumsy. The quasit claws you.
* * * LOW HITPOINT WARNING * * *
The quasit claws you but does no damage.
The quasit bites you but does no damage.
The quasit completely misses you. The quasit claws you.
* * * LOW HITPOINT WARNING * * *
You feel clumsy. The quasit barely misses you.
The quasit claws you but does no damage. x2
The quasit bites you but does no damage.
The quasit claws you but does no damage.
The quasit claws you.
* * * LOW HITPOINT WARNING * * *
You miss the quasit. Your headbutt misses the quasit. The quasit bites you.
* * * LOW HITPOINT WARNING * * *
The quasit claws you but does no damage.
The quasit claws you.
* * * LOW HITPOINT WARNING * * *
The quasit bites you but does no damage.
The quasit claws you.
* * * LOW HITPOINT WARNING * * *
The quasit claws you.
* * * LOW HITPOINT WARNING * * *
The quasit bites you but does no damage.
The quasit claws you but does no damage. x2
Unknown command.
You closely miss the quasit. Your headbutt misses the quasit.
Your tail-slap misses the quasit.
The quasit barely misses you.
The quasit claws you but does no damage. x2
The quasit bites you but does no damage.
The quasit claws you but does no damage. x2
The quasit bites you.
* * * LOW HITPOINT WARNING * * *
You feel clumsy.
The quasit claws you but does no damage.
The quasit claws you.
You die...

####.##....##......#..#
..##.##...##....#5.##.#
.....##...#...#...#.#.#
#....##...##..##.#..#.#
####.##...©#.#...#.##.#
####..#...##.....#(#..##
...##.##+.#...#©.==#©..#
##.##.##..#.#..5#..#...#
#.##.##..##.#..@..##..#
#.##.##...#...#.#..#..#
#.##..#.#.#...#.#..#..#
#.###.#.#.#©......##..# #.#
#.#.#.###...###...# #.#
#.......#####.....#
#.#####.###.......##.#########
#............................#
##########....##############.#


You could see a neutral quasit (fast, strong, insane).

Vanquished Creatures
  The ghost of Algorand the Covered, an amateur DjEE (D:3)
  A vampire bat (D:3)
  A howler monkey (D:4)
  An orc priest (D:3)
  Jessica (D:3)
  3 iguanas
  An orc wizard (D:4)
  Ijyb (D:3)
  Robin (D:3)
  3 gnolls (D:5)
  3 adders
  A worm (D:5)
  2 dart slugs (D:2)
  3 fire bats (D:3)
  5 orcs
  2 spectral bats (D:3)
  11 bats
  2 bat skeletons (D:3)
  A bat zombie (D:3)
  3 endoplasms (D:1)
  3 giant cockroaches
  13 goblins
  8 hobgoblins
  3 jackals (D:3)
  5 ball pythons
  A bat simulacrum (D:3)
  3 frilled lizards
  6 kobolds
  4 rats
93 creatures vanquished.

Vanquished Creatures (collateral kills)
  An orc priest (D:3)
  2 bats (D:3)
  A bat skeleton (D:3)
4 creatures vanquished.

Grand Total: 97 creatures vanquished

Notes
Turn   | Place    | Note
-------+----------+-------------------------------------------
     0 | D:1      | Tiocfaidh the Draconian Warper began the quest for the Orb.
     0 | D:1      | Reached XP level 1. HP: 17/17 MP: 3/3
   499 | D:1      | Reached XP level 2. HP: 21/24 MP: 5/5
   685 | D:1      | Learned a level 1 spell: Freeze
  1198 | D:2      | Reached XP level 3. HP: 29/29 MP: 0/6
  1308 | D:2      | Reached skill level 1 in Ice Magic
  1871 | D:3      | Reached XP level 4. HP: 21/36 MP: 2/7
  2069 | D:3      | Noticed Jessica
  2077 | D:3      | Killed Jessica
  2118 | D:3      | Found a transporter.
  2224 | D:3      | Learned a level 2 spell: Blink
  2254 | D:3      | Noticed Robin
  2287 | D:3      | Killed Robin
  2288 | D:3      | Reached XP level 5. HP: 22/41 MP: 1/9
  2290 | D:3      | HP: 1/41 [hobgoblin[Robin] (5)]
  2627 | D:3      | Noticed Ijyb
  2685 | D:4      | Found a glowing golden altar of the Shining One.
  2928 | D:4      | Noticed an ogre
  2993 | D:4      | Identified the ring "Bostracu" {Wiz rN+ Str+4}
  3032 | D:4      | Found a staircase to the Ecumenical Temple.
  3063 | Temple   | Entered the Ecumenical Temple
  3123 | Temple   | Became a worshipper of Warmaster Okawaru
  3344 | D:4      | Reached skill level 1 in Ranged Weapons
  3344 | D:4      | Reached skill level 1 in Stealth
  3399 | D:5      | Entered Level 5 of the Dungeon
  4076 | D:5      | Reached XP level 6. HP: 50/50 MP: 4/11
  4406 | D:5      | Learned a level 3 spell: Frozen Ramparts
  5011 | D:4      | HP: 1/50 [ogre/+0 giant club (20)]
  5395 | D:3      | Killed Ijyb
  5407 | D:3      | Found a transporter.
  5481 | D:3      | Noticed Algorand's ghost (amateur DjEE)
  5670 | D:3      | Found a shimmering blue altar of Sif Muna.
  5935 | D:3      | Your scales start taking on a glossy black colour.
  5935 | D:3      | Reached XP level 7. HP: 43/57 MP: 12/12
  5935 | D:3      | Gained mutation: You are resistant to electric shocks.
                  | (rElec) [Black Draconian growth]
  6248 | D:3      | Lost dexterity.
 12817 | D:3      | Fell from the grace of Okawaru
 12833 | D:3      | Gained mutation: Your tail ends in a venomous barb. [potion
                  | of mutation]
 12833 | D:3      | Gained mutation: You have a pair of small horns on your
                  | head. [potion of mutation]
 12833 | D:3      | Gained mutation: You are somewhat resistant to further
                  | mutation. [potion of mutation]
 12940 | D:3      | Killed Algorand's ghost
 12941 | D:3      | Reached skill level 1 in Long Blades
 12946 | D:3      | HP: 1/57 [quasit (4)]
 12946 | D:3      | Slain by a quasit

Illustrated notes

Levels and vault maps discovered:
D:1:      minmay_arrival_pointy, layout_basic, chequers_serial_rivers_micro_d,
          serial_bayou_pond_d, chequers_hall_statues_wall_a
D:2:      layout_basic, roderic_roman_lattice, minmay_misc_feat_diagonals,
          kennysheep_generic_room_15
D:3:      layout_basic, led_sif_pool, gammafunk_ghost_stat_death,
          goddamned_bats, uniq_jessica, uniq_robin, uniq_ijyb
D:4:      layout_cave_pools, mainiacjoe_overflow_small_starburst, temple_statues
D:5:      layout_loops_corners
Temple:   dshaligram_water_room_temple

Skill      XL: |  1  2  3  4  5  6  7 |
---------------+----------------------+-----
Ice Magic      | 1 2 |  2.8
Spellcasting   | 3 |  3.7
Ranged Weapons | 1 2 |  2.9
Stealth        | 1 2 |  2.0
Fighting       | 3 |  3.1
Long Blades    | 1 |  1.2
Dodging        | 3 |  3.2
Axes           | |  2.6
Throwing       | |  0.9
Unarmed Combat | |  0.1
Translocations | |  3.4

Action                   |  1- 3 |  4- 6 |  7- 9 || total
-------------------------+-------+-------+-------++-------
Melee: Hand axe          |    65 |    11 |       ||    76
       Tailslap          |     6 |     6 |     1 ||    13
       Unarmed           |       |     2 |       ||     2
       Falchion          |       |    36 |    63 ||    99
       Headbutt          |       |       |     2 ||     2
 Fire: Sling             |       |   128 |    15 ||   143
Throw: Boomerang         |     7 |       |       ||     7
 Cast: Freeze            |    36 |    28 |       ||    64
       Blink             |       |     6 |       ||     6
       Frozen Ramparts   |       |     1 |       ||     1
  Use: Scroll            |       |     7 |     1 ||     8
       Potion            |       |     1 |     9 ||    10
Armor: Skin              |    28 |    80 |   298 ||   406
Dodge: Dodged            |    71 |   197 |   278 ||   546
